Selects Airborne Battlegroup
Construct Weapon Support Center
M3 Armored Personnel Carrier
Selects Paratrooper Squad Paradrop
Paratrooper Squad Paradrop
Paratrooper Squad Paradrop
M3 Armored Personnel Carrier
Selects Anti-tank Gun Team Paradrop
M3 Armored Personnel Carrier
Paratrooper Squad Paradrop
Selects Dual P-47 Rocket Strike
M4(105) Sherman Bulldozer
Improved M9 Bazooka Rockets
M4(105) Sherman Bulldozer
M4(105) Sherman Bulldozer